cohdb
Replays
Latest Replays
All Replays
Popular Replays
Top Player Replays
Match Explorer
How It Works
Community
CoH3 Stats
Reddit
Sign in to upload your games and track your stats! →
Sign in with Steam
Match 44499155
Unlisted
Match 44499155
Overview
Messages
Build Orders
End
Panzergrenadier Squad
Selects Battlefield Espionage Battlegroup
Panzergrenadier Squad
Panzergrenadier Squad
Construct Light Support Kompanie
2.5-tonne Medical Truck
Selects Intel Disruption Beacon
Fire Support Elements
Pak 38 Mechanized Group
Combat Half-tracks
Selects Transfer Depots
Selects Firestorm
Flakvierling Half-track
UH|dun! ツ
UH|ck
iceman
Showtaro
GruZ
Zero Ambition
0
0
Comments
sign in to comment!
No comments posted yet!